 Dungeon Crawl Stone Soup version 0.17-a0-1504-gb7d9117 (webtiles) character file.

557 Fizybubbleh the Covert (level 7, -4/46 HPs)
             Began as a Human Enchanter on July 8, 2015.
             Was an Initiate of Dithmenos.
             Slain by Blork the orc
             ... wielding a +0 mace
              (5 damage)
             ... on level 4 of the Dungeon.
             The game lasted 00:17:16 (4171 turns).

Fizybubbleh the Covert (Human Enchanter)            Turns: 4171, Time: 00:17:16

Health: -4/46      AC:  5    Str:  8    XL:     7   Next: 56%
Magic:  0/10       EV: 12    Int: 15    God:    Dithmenos [......]
Gold:   153        SH:  0    Dex: 16    Spells: 4 memorised, 1 level left

rFire  + . .     SeeInvis .     e - +0 dagger (venom)
rCold  + . .     Clarity  .     b - +1 robe
rNeg   . . .     SustAt   .     (no shield)
rPois  +         Gourm    .     l - +0 helmet
rElec  +         Spirit   .     f - +0 cloak
rCorr  +         Warding  .     (no gloves)
rMut   .         Stasis   .     (no boots)
MR     .....                    (no amulet)
Stlth  ++++......               (no ring)
                                (no ring)

@: resistant, very slightly contaminated, not resistant to hostile enchantments,
stealthy
A: no striking features
a: Renounce Religion


You were on level 4 of the Dungeon.
You worshipped Dithmenos.
Dithmenos was noncommittal.
You were hungry.

You visited 2 branches of the dungeon, and saw 5 of its levels.

You collected 153 gold pieces.

Inventory:

Hand weapons
 a - a +1 dagger
 e - a +0 dagger of venom (weapon)
 v - a +0 short sword of venom
Missiles
 s - 8 curare-tipped needles
 w - 60 stones (quivered)
Armour
 b - a +1 robe (worn)
 f - a +0 cloak (worn)
 l - a +0 helmet (worn)
Jewellery
 n - an uncursed ring of positive energy {unknown}
 u - an uncursed ring of poison resistance {unknown}
Magical devices
 o - a wand of hasting (3)
Scrolls
 d - a scroll of enchant armour {unknown}
 g - 8 scrolls of identify
 i - a scroll of remove curse {unknown}
 t - a scroll of teleportation {unknown}
Potions
 h - a potion of lignification {unknown}
 j - a potion of magic {unknown}
 m - a potion of resistance
 p - a potion of curing
 r - a potion of haste {unknown}
 x - a potion of brilliance {unknown}
Books
 c - a book of Maledictions

   Spells                             Type                      Level
   a - Corona                         Hexes                        1
   b - Ensorcelled Hibernation        Hexes/Ice                    2
   c - Confuse                        Hexes                        3
   d - Tukima's Dance                 Hexes                        3
   e - Dazzling Spray                 Conjuration/Hexes            3
 q - a book of Clouds

   Spells                             Type                      Level
   a - Mephitic Cloud                 Conjuration/Poison/Air       3
   b - Conjure Flame                  Conjuration/Fire             3
   c - Poisonous Cloud                Conjuration/Poison/Air       6
   d - Freezing Cloud                 Conjuration/Ice/Air          6
   e - Ring of Flames                 Charms/Fire                  7
Comestibles
 k - 3 meat rations
 A - a royal jelly


   Skills:
 + Level 3.0 Short Blades
 - Level 2.0 Dodging
 - Level 8.2 Stealth
 - Level 2.0 Spellcasting
 - Level 3.0 Hexes


You had one spell level left.
You knew the following spells:

 Your Spells              Type           Power        Failure   Level  Hunger
a - Ensorcelled Hibernat  Hex/Ice        #.....       17%         2    ###....
b - Confuse               Hex            ##......     21%         3    ###....
c - Tukima's Dance        Hex            ##......     21%         3    ###....
v - Corona                Hex            ##.....      8%          1    #......


Dungeon Overview and Level Annotations

Branches:
Dungeon (4/15)             Temple (1/1) D:4

Altars:
Dithmenos
Gozag
Makhleb
Trog
Vehumet
Xom
Yredelemnul
Zin
The Shining One

Annotations:
D:2 exclusion: downstairs
D:4 Blork the orc


Message History

Drink which item? (? for menu, Esc to quit)
You feel better. Blork the orc closely misses you.
Blork the orc gestures at you while chanting.
The magic dart hits you!
* * * LOW HITPOINT WARNING * * *
You regained 3 hp, and now have 10/46 hp.
Aim: Blork the orc, wielding a mace and wearing a robe (moderately wounded, fast, chance to defeat MR: 37%)
You miscast Ensorcelled Hibernation.
You are very lightly contaminated with residual magic.
You feel a strange surge of energy! Blork the orc hits you with a mace!
* * * LOW HITPOINT WARNING * * *
You take 9 damage, and have 1/46 hp.
You now have 0/10 mp.
Unknown command.
Read which item? (? for menu, Esc to quit)
Okay, then.
Drink which item? (? for menu, Esc to quit)
It was a potion of resistance.
You feel protected. Blork the orc hits you with a mace.
You die...

##### ....## ###..#######
##.......####### ##
#######.......## 8#
#######@o#### 8####
##(...#####.%. 8...#
####...$....# 8##.#####
#######.#####.
8.......#######....o..#
.....)..........######...#
.........######## .###
........## .# #..........
.#


You could see Blork the orc.

Vanquished Creatures
  Sigmund (D:3)
  The ghost of PeterLawrence the Cudgeler, an average GrFi (D:3)
  A scorpion (D:4)
  A crimson imp (D:3)
  An orc priest (D:3)
  Crazy Yiuf (D:2)
  Jessica (D:2)
  Terence (D:2)
  A worker ant (D:4)
  A hound skeleton (D:4)
  4 adders
  An ooze (D:2)
  2 giant geckos (D:1)
  3 orcs
  A ball python (D:4)
  6 bats
  3 giant cockroaches
  7 goblins
  7 hobgoblins
  7 kobolds
  A giant gecko skeleton (D:4)
  A quokka (D:2)
  11 rats
64 creatures vanquished.

Notes
Turn   | Place    | Note
--------------------------------------------------------------
     0 | D:1      | Fizybubbleh the Human Enchanter began the quest for the Orb.
     0 | D:1      | Reached XP level 1. HP: 13/13 MP: 3/3
   169 | D:1      | Reached XP level 2. HP: 16/19 MP: 3/5
   173 | D:1      | Learned a level 2 spell: Ensorcelled Hibernation
   639 | D:1      | Reached skill level 4 in Stealth
   844 | D:1      | Reached XP level 3. HP: 24/24 MP: 6/6
  1335 | D:2      | Reached XP level 4. HP: 21/30 MP: 4/7
  1490 | D:2      | Noticed Jessica
  1509 | D:2      | Killed Jessica
  1509 | D:2      | Reached skill level 5 in Stealth
  1630 | D:2      | Noticed Crazy Yiuf
  1664 | D:2      | Killed Crazy Yiuf
  1664 | D:2      | Reached XP level 5. HP: 10/35 MP: 0/8
  2106 | D:2      | Found a shimmering altar of Xom.
  2110 | D:2      | Noticed an angel
  2112 | D:2      | Found a glowing silver altar of Zin.
  2197 | D:2      | Noticed Terence
  2201 | D:2      | Killed Terence
  2201 | D:2      | Reached skill level 6 in Stealth
  2517 | D:3      | Learned a level 3 spell: Confuse
  2771 | D:3      | Noticed PeterLawrence's ghost (average GrFi)
  2869 | D:3      | Reached XP level 6. HP: 39/41 MP: 0/9
  3320 | D:3      | Noticed Sigmund
  3324 | D:3      | Killed Sigmund
  3324 | D:3      | Reached skill level 7 in Stealth
  3350 | D:3      | Learned a level 3 spell: Tukima's Dance
  3481 | D:3      | Killed PeterLawrence's ghost
  3481 | D:3      | Reached skill level 8 in Stealth
  3481 | D:3      | Reached XP level 7. HP: 46/46 MP: 4/10
  3778 | D:4      | Found a staircase to the Ecumenical Temple.
  3863 | Temple   | Entered the Ecumenical Temple
  3875 | Temple   | Became a worshipper of Dithmenos the Shadowed
  4101 | D:4      | Noticed Blork the orc
  4170 | D:4      | HP: 1/46 [Blork the orc/mace (9)]
  4171 | D:4      | Slain by Blork the orc

Vault maps used:
D:1:      minmay_arrival_glassed_features, serial_glass, glass_columns_b,
          glass_columns_b, due_unseen_surprise, serial_bayou_crossing
D:2:      grunt_temple_overflow_order_and_chaos_1, minmay_unequal, uniq_jessica,
          uniq_terence, uniq_crazy_yiuf_cottage
D:3:      kennysheep_big_flooded_room, uniq_sigmund
D:4:      minmay_temple_entry_statues, first_bread, uniq_blork_the_orc
Temple:   water_room_temple_a_12

Action                   |  1- 3 |  4- 6 |  7- 9 || total
-------------------------+-------+-------+-------++-------
Melee: Dagger            |    74 |    91 |     2 ||   167
       Short sword       |       |       |    43 ||    43
 Cast: Corona            |     3 |       |       ||     3
       Ensorcelled Hiber |     8 |    11 |     9 ||    28
       Confuse           |       |     8 |     2 ||    10
  Use: Scroll            |     1 |       |       ||     1
       Potion            |       |     4 |     2 ||     6
 Stab: Sleeping          |    16 |     6 |     5 ||    27
       Confused          |       |     3 |       ||     3
  Eat: Chunk             |     2 |     4 |     3 ||     9
       Bread ration      |       |     1 |       ||     1
